[ AOE2 MATCH · #483402694 ]
Team RMPersians vs Lithuanians
[ REPLAY ANALYSIS · EXTRACTED FROM THE RECORDED GAME ]
Feudal
13:13
Castle
22:46
Imperial
31:18
| APM avg | 13.8 |
| APM peak | 42 |
| eAPM avg | 8.2 |
| Villagers / military | 88 / 203 |
Focus
⚔️ 29.7% · 🌾 70.3%
Knight ×198 · Trebuchet (Packed) ×5
Feudal
10:24
Castle
15:37
Imperial
37:40
| APM avg | 37.6 |
| APM peak | 93 |
| eAPM avg | 26.8 |
| Villagers / military | 176 / 234 |
Focus
⚔️ 29.1% · 🌾 70.9%
Camel Scout ×154 · Mangudai ×55 · Trade Cart ×23 · Battering Ram ×14 · Scout Cavalry ×7 · Knight ×2
Feudal
12:08
Castle
16:03
Imperial
37:06
| APM avg | 22.0 |
| APM peak | 54 |
| eAPM avg | 12.1 |
| Villagers / military | 92 / 221 |
Focus
⚔️ 38.0% · 🌾 62.0%
Archer ×112 · Skirmisher ×78 · Longbowman ×27 · Trebuchet (Packed) ×3 · Battering Ram ×1 · Unknown (1105) ×1
Feudal
10:39
Castle
14:37
Imperial
34:17
| APM avg | 28.2 |
| APM peak | 53 |
| eAPM avg | 16.9 |
| Villagers / military | 131 / 190 |
Focus
⚔️ 17.3% · 🌾 82.7%
Hand Cannoneer ×180 · Trebuchet (Packed) ×5 · Bombard Cannon ×3 · Mangonel ×2
Feudal
12:56
Castle
19:41
Imperial
28:29
| APM avg | 7.8 |
| APM peak | 22 |
| eAPM avg | 7.4 |
| Villagers / military | 113 / 214 |
Focus
⚔️ 30.7% · 🌾 69.3%
Scout Cavalry ×122 · Knight ×50 · Obuch ×40 · Trebuchet (Packed) ×2
Feudal
14:22
Castle
18:54
Imperial
28:03
| APM avg | 12.8 |
| APM peak | 35 |
| eAPM avg | 10.3 |
| Villagers / military | 86 / 153 |
Focus
⚔️ 41.1% · 🌾 58.9%
Spearman ×58 · Hand Cannoneer ×47 · Organ Gun ×38 · Bombard Cannon ×8 · Trade Cart ×2 · Monk ×1
Feudal
11:15
Castle
15:23
Imperial
29:37
| APM avg | 20.2 |
| APM peak | 56 |
| eAPM avg | 11.6 |
| Villagers / military | 151 / 240 |
Focus
⚔️ 29.0% · 🌾 71.0%
Janissary ×98 · Camel Scout ×85 · Scout Cavalry ×41 · Trade Cart ×19 · Bombard Cannon ×14 · Monk ×2
Feudal
9:21
Castle
15:18
Imperial
35:00
| APM avg | 21.3 |
| APM peak | 61 |
| eAPM avg | 11.5 |
| Villagers / military | 94 / 200 |
Focus
⚔️ 32.9% · 🌾 67.1%
Knight ×194 · Trebuchet (Packed) ×4 · Monk ×2
Match map
Initial resources + every placement click. Lines = walls · curves = elevation contours. ◆ gold · ⬟ stone · ● berries · ✦ relic · ◌ wall gap
Your base· ✓ Closed at 22:46 · 0t walls · 2 gate(s)
RedReddington's base· ✓ Closed at 15:37 · 0t walls · 3 gate(s)
S1LLY_SAUSAGE's base· ✓ Closed at 16:03 · 0t walls · 3 gate(s)
ProfeSSor's base· ✓ Closed at 14:37 · 0t walls · 2 gate(s)
karaokur's base· ✓ Closed at 19:41 · 0t walls · 2 gate(s)
Kai_sp's base· ✓ Closed at 18:54 · 0t walls · 3 gate(s)
ertk's base· ✓ Closed at 15:23 · 0t walls · 3 gate(s)
Blitz818's base· ✓ Closed at 15:18 · 0t walls · 2 gate(s)
Smoothed initial terrain · ◌ = detected wall gap · hover for details
Inputs per minute
— LiMe86 - - RedReddington
Build order — LiMe86
First 150 of 246 actions detected
| 0:01 | Create | Villager (Male) |
| 0:01 | Create | Villager (Male) |
| 0:01 | Create | Villager (Male) |
| 0:02 | Create | Villager (Male) |
| 0:02 | Create | Villager (Male) |
| 0:02 | Create | Villager (Male) |
| 0:04 | Build | House |
| 0:05 | Build | House |
| 1:29 | Create | Villager (Male) |
| 2:10 | Create | Villager (Male) |
| 2:12 | Create | Villager (Male) |
| 2:35 | Create | Villager (Male) |
| 2:35 | Create | Villager (Male) |
| 2:39 | Build | Lumber Camp |
| 2:53 | Create | Villager (Male) |
| 2:56 | Build | House |
| 2:57 | Build | House |
| 3:01 | Build | House |
| 3:02 | Build | House |
| 3:17 | Create | Villager (Male) |
| 3:18 | Create | Villager (Male) |
| 4:00 | Create | Villager (Male) |
| 4:00 | Create | Villager (Male) |
| 4:00 | Create | Villager (Male) |
| 4:24 | Create | Villager (Male) |
| 4:25 | Create | Villager (Male) |
| 4:25 | Create | Villager (Male) |
| 4:54 | Create | Villager (Male) |
| 5:37 | Create | Villager (Male) |
| 6:37 | Create | Villager (Male) |
| 6:58 | Build | Mill |
| 7:06 | Create | Villager (Male) |
| 7:06 | Create | Villager (Male) |
| 7:07 | Create | Villager (Male) |
| 7:07 | Create | Villager (Male) |
| 7:49 | Create | Villager (Male) |
| 9:10 | Create | Villager (Male) |
| 9:12 | Create | Villager (Male) |
| 9:14 | Create | Villager (Male) |
| 9:16 | Create | Villager (Male) |
| 9:18 | Research | Loom |
| 9:53 | Build | Mining Camp |
| 9:57 | Research | Feudal Age |
| 11:26 | Build | Barracks |
| 11:53 | Build | House |
| 11:55 | Build | House |
| 11:56 | Build | House |
| 11:57 | Build | House |
| 11:58 | Build | House |
| 12:00 | Build | House |
| 12:00 | Build | House |
| 12:41 | Build | Mill |
| 13:05 | Build | Mining Camp |
| 13:13 | Age | Feudal Age |
| 13:15 | Research | Horse Collar |
| 13:16 | Research | Double-Bit Axe |
| 13:31 | Create | Villager (Male) |
| 13:32 | Create | Villager (Male) |
| 13:32 | Create | Villager (Male) |
| 13:32 | Create | Villager (Male) |
| 13:32 | Create | Villager (Male) |
| 13:39 | Build | Blacksmith |
| 13:44 | Build | Stable |
| 13:50 | Build | Stable |
| 13:54 | Research | Stone Mining |
| 13:57 | Build | Farm |
| 14:20 | Build | Farm |
| 14:52 | Build | Stable |
| 14:56 | Build | Farm |
| 15:07 | Build | Farm |
| 15:09 | Create | Villager (Male) |
| 15:09 | Create | Villager (Male) |
| 15:09 | Create | Villager (Male) |
| 15:09 | Create | Villager (Male) |
| 15:11 | Create | Villager (Male) |
| 15:31 | Build | Farm |
| 15:53 | Build | Farm |
| 16:14 | Build | Farm |
| 16:42 | Build | Farm |
| 17:05 | Build | Farm |
| 17:08 | Create | Villager (Male) |
| 17:09 | Create | Villager (Male) |
| 17:09 | Create | Villager (Male) |
| 17:09 | Create | Villager (Male) |
| 17:19 | Build | Farm |
| 17:22 | Build | Farm |
| 17:42 | Build | Mill |
| 17:49 | Build | Farm |
| 18:22 | Build | Farm |
| 18:23 | Build | Farm |
| 18:24 | Build | Farm |
| 18:26 | Build | Farm |
| 18:27 | Build | Farm |
| 18:29 | Build | Farm |
| 18:31 | Build | Farm |
| 18:32 | Build | Farm |
| 18:36 | Build | Farm |
| 18:37 | Build | Farm |
| 18:49 | Build | Farm |
| 18:54 | Research | Wheelbarrow |
| 20:20 | Research | Castle Age |
| 20:26 | Research | Gold Mining |
| 20:55 | Research | Bloodlines |
| 21:05 | Research | Forging |
| 21:05 | Research | Scale Barding Armor |
| 21:21 | Research | Scale Barding Armor |
| 22:27 | Create | Villager (Male) ×5 |
| 22:46 | Age | Castle Age |
| 22:47 | Research | Bow Saw |
| 22:47 | Research | Bow Saw |
| 22:49 | Research | Heavy Plow |
| 22:54 | Build | Town Center |
| 23:28 | Build | Town Center |
| 23:50 | Build | Castle |
| 23:54 | Build | Mining Camp |
| 24:13 | Research | Gold Shaft Mining |
| 24:18 | Research | Iron Casting |
| 24:18 | Research | Chain Barding Armor |
| 24:23 | Research | Husbandry |
| 24:38 | Research | Hand Cart |
| 25:53 | Create | Villager (Male) ×5 |
| 25:54 | Create | Villager (Male) ×5 |
| 25:58 | Create | Villager (Male) ×3 |
| 25:58 | Create | Villager (Male) ×3 |
| 26:08 | Create | Villager (Male) |
| 26:09 | Create | Villager (Male) |
| 26:09 | Create | Villager (Male) |
| 26:09 | Create | Villager (Male) |
| 26:26 | Build | Mill |
| 26:37 | Create | Villager (Male) |
| 26:37 | Create | Villager (Male) |
| 26:38 | Create | Villager (Male) |
| 26:50 | Build | Farm |
| 26:52 | Build | Farm |
| 27:11 | Build | Farm |
| 27:17 | Build | Farm |
| 27:28 | Build | Farm |
| 27:40 | Build | Market |
| 27:47 | Build | House |
| 27:48 | Build | House |
| 27:49 | Build | House |
| 27:51 | Build | House |
| 27:52 | Build | House |
| 27:52 | Build | House |
| 27:54 | Build | House |
| 27:54 | Build | House |
| 27:55 | Build | House |
| 27:56 | Build | House |
| 27:59 | Build | House |
| 27:59 | Build | House |
Build order — RedReddington
First 150 of 590 actions detected
| 0:02 | Build | House |
| 0:04 | Build | House |
| 0:05 | Create | Villager (Male) |
| 0:05 | Create | Villager (Male) |
| 0:05 | Create | Villager (Male) |
| 0:06 | Create | Villager (Male) |
| 0:06 | Create | Villager (Male) |
| 1:30 | Create | Villager (Male) |
| 1:50 | Build | Lumber Camp |
| 2:04 | Create | Villager (Male) |
| 2:27 | Create | Villager (Male) |
| 3:06 | Create | Villager (Male) |
| 3:07 | Create | Villager (Male) |
| 3:39 | Create | Villager (Male) |
| 3:39 | Create | Villager (Male) |
| 3:49 | Build | House |
| 3:58 | Create | Villager (Male) |
| 4:01 | Create | Villager (Male) |
| 4:02 | Create | Villager (Male) |
| 4:50 | Build | Mill |
| 5:02 | Create | Villager (Male) |
| 5:02 | Create | Villager (Male) |
| 5:03 | Create | Villager (Male) |
| 5:03 | Create | Villager (Male) |
| 5:03 | Create | Villager (Male) |
| 5:07 | Create | Villager (Male) |
| 5:48 | Create | Villager (Male) |
| 5:48 | Create | Villager (Male) |
| 5:48 | Create | Villager (Male) |
| 6:20 | Create | Villager (Male) |
| 6:32 | Build | House |
| 6:34 | Build | House |
| 6:36 | Create | Villager (Male) |
| 7:13 | Research | Loom |
| 7:13 | Research | Feudal Age |
| 7:28 | Build | Lumber Camp |
| 8:24 | Create | Villager (Male) |
| 8:42 | Build | Mining Camp |
| 9:28 | Create | Villager (Male) |
| 9:29 | Create | Villager (Male) |
| 10:24 | Age | Feudal Age |
| 10:31 | Build | Market |
| 10:37 | Create | Villager (Male) |
| 10:38 | Create | Villager (Male) |
| 11:10 | Build | Blacksmith |
| 11:18 | Build | Farm |
| 11:24 | Build | Farm |
| 11:51 | Build | Farm |
| 11:57 | Build | Farm |
| 12:01 | Create | Villager (Male) |
| 12:18 | Build | Farm |
| 12:21 | Create | Villager (Male) |
| 12:42 | Build | Farm |
| 12:57 | Research | Castle Age |
| 12:58 | Create | Villager (Male) |
| 12:58 | Create | Villager (Male) |
| 13:09 | Build | Farm |
| 13:22 | Build | House |
| 13:41 | Build | Mining Camp |
| 13:43 | Create | Villager (Male) |
| 13:51 | Create | Villager (Male) |
| 14:03 | Create | Villager (Male) |
| 14:11 | Create | Villager (Male) |
| 15:37 | Age | Castle Age |
| 15:40 | Build | Town Center |
| 16:17 | Build | Town Center |
| 16:22 | Create | Villager (Male) |
| 16:22 | Create | Villager (Male) |
| 16:23 | Create | Villager (Male) |
| 16:26 | Research | Double-Bit Axe |
| 16:54 | Create | Villager (Male) |
| 16:54 | Create | Villager (Male) |
| 17:19 | Build | House |
| 17:21 | Build | House |
| 17:21 | Build | House |
| 17:21 | Build | House |
| 17:21 | Build | House |
| 17:22 | Build | House |
| 17:22 | Build | House |
| 17:22 | Build | House |
| 17:23 | Build | House |
| 17:23 | Build | House |
| 17:23 | Build | House |
| 17:24 | Build | House |
| 17:25 | Build | House |
| 17:26 | Build | House |
| 17:32 | Create | Villager (Male) |
| 17:34 | Create | Villager (Male) |
| 17:34 | Create | Villager (Male) |
| 17:42 | Build | Farm |
| 17:46 | Build | Farm |
| 17:54 | Create | Villager (Male) |
| 17:55 | Create | Villager (Male) |
| 17:55 | Create | Villager (Male) |
| 18:02 | Create | Villager (Male) |
| 18:02 | Create | Villager (Male) |
| 18:02 | Create | Villager (Male) |
| 18:12 | Build | Farm |
| 18:15 | Build | Farm |
| 18:25 | Build | Farm |
| 18:27 | Create | Villager (Male) |
| 18:35 | Build | Farm |
| 18:40 | Build | Farm |
| 18:43 | Build | Farm |
| 19:02 | Research | Horse Collar |
| 19:02 | Research | Horse Collar |
| 19:17 | Create | Villager (Male) |
| 19:24 | Create | Villager (Male) |
| 19:24 | Create | Villager (Male) |
| 19:30 | Build | Farm |
| 19:31 | Build | Farm |
| 19:31 | Build | Farm |
| 19:31 | Build | Farm |
| 19:31 | Build | Farm |
| 19:32 | Build | Farm |
| 19:32 | Build | Farm |
| 19:32 | Build | Farm |
| 19:36 | Create | Villager (Male) |
| 19:43 | Build | Farm |
| 19:47 | Build | Farm |
| 19:56 | Create | Villager (Male) |
| 19:56 | Create | Villager (Male) |
| 19:56 | Create | Villager (Male) |
| 20:27 | Create | Villager (Male) |
| 20:27 | Create | Villager (Male) |
| 20:27 | Create | Villager (Male) |
| 20:35 | Build | Farm |
| 20:35 | Build | Farm |
| 20:35 | Build | Farm |
| 20:35 | Build | Farm |
| 20:35 | Build | Farm |
| 20:36 | Build | Farm |
| 20:40 | Create | Villager (Male) |
| 20:41 | Create | Villager (Male) |
| 20:47 | Create | Villager (Male) |
| 20:49 | Build | House |
| 20:55 | Create | Villager (Male) |
| 20:55 | Create | Villager (Male) |
| 21:14 | Build | Castle |
| 21:20 | Create | Villager (Male) |
| 21:20 | Create | Villager (Male) |
| 21:20 | Create | Villager (Male) |
| 21:23 | Build | House |
| 21:24 | Build | House |
| 21:24 | Build | House |
| 21:25 | Build | House |
| 21:25 | Build | House |
| 21:26 | Build | House |
| 21:28 | Create | Villager (Male) |
| 21:38 | Create | Villager (Male) |
Build order — S1LLY_SAUSAGE
First 150 of 352 actions detected
| 0:02 | Create | Villager (Male) |
| 0:02 | Create | Villager (Male) |
| 0:02 | Create | Villager (Male) |
| 0:02 | Create | Villager (Male) |
| 0:02 | Create | Villager (Male) |
| 0:05 | Build | House |
| 0:07 | Build | House |
| 1:20 | Create | Villager (Male) |
| 1:20 | Create | Villager (Male) |
| 1:52 | Build | Lumber Camp |
| 1:55 | Create | Villager (Male) |
| 1:55 | Create | Villager (Male) |
| 2:05 | Create | Villager (Male) |
| 2:32 | Create | Villager (Male) |
| 2:32 | Create | Villager (Male) |
| 2:45 | Create | Villager (Male) |
| 3:02 | Create | Villager (Male) |
| 3:03 | Create | Villager (Male) |
| 3:25 | Create | Villager (Male) |
| 3:26 | Create | Villager (Male) |
| 4:00 | Build | House |
| 4:03 | Build | Mill |
| 4:08 | Create | Villager (Male) |
| 4:28 | Create | Villager (Male) |
| 4:29 | Create | Villager (Male) |
| 4:29 | Create | Villager (Male) |
| 5:15 | Create | Villager (Male) |
| 5:15 | Create | Villager (Male) |
| 5:28 | Create | Villager (Male) |
| 5:29 | Create | Villager (Male) |
| 6:12 | Create | Villager (Male) |
| 6:12 | Create | Villager (Male) |
| 6:12 | Create | Villager (Male) |
| 6:13 | Create | Villager (Male) |
| 6:28 | Build | House |
| 7:02 | Create | Villager (Male) |
| 7:02 | Create | Villager (Male) |
| 7:02 | Create | Villager (Male) |
| 7:02 | Create | Villager (Male) |
| 8:05 | Create | Villager (Male) |
| 8:05 | Create | Villager (Male) |
| 8:47 | Research | Feudal Age |
| 8:51 | Build | House |
| 9:32 | Build | Mining Camp |
| 9:38 | Build | Lumber Camp |
| 9:42 | Build | Farm |
| 9:52 | Build | Farm |
| 9:55 | Build | Farm |
| 9:57 | Build | Farm |
| 10:03 | Build | Farm |
| 10:04 | Build | Farm |
| 10:35 | Build | Mining Camp |
| 11:35 | Build | House |
| 11:37 | Build | House |
| 11:43 | Create | Villager (Male) |
| 11:44 | Create | Villager (Male) |
| 11:45 | Create | Villager (Male) |
| 12:08 | Age | Feudal Age |
| 12:13 | Build | Blacksmith |
| 12:23 | Build | Market |
| 13:21 | Research | Castle Age |
| 13:32 | Build | Barracks |
| 14:07 | Research | Double-Bit Axe |
| 14:13 | Research | Gold Mining |
| 14:27 | Research | Fletching |
| 14:47 | Build | Archery Range |
| 15:05 | Build | Archery Range |
| 15:44 | Create | Archer |
| 15:45 | Create | Archer |
| 15:45 | Create | Archer |
| 15:45 | Create | Archer |
| 15:46 | Create | Archer |
| 16:03 | Age | Castle Age |
| 16:03 | Create | Archer |
| 16:04 | Create | Archer |
| 16:22 | Create | Villager (Male) |
| 16:22 | Create | Villager (Male) |
| 16:29 | Build | Siege Workshop |
| 16:40 | Create | Archer |
| 16:45 | Research | Padded Archer Armor |
| 16:48 | Create | Villager (Male) |
| 16:48 | Create | Villager (Male) |
| 17:05 | Build | House |
| 17:12 | Create | Archer |
| 17:12 | Create | Archer |
| 17:43 | Create | Unit 1105 |
| 17:50 | Build | Archery Range |
| 18:07 | Create | Archer |
| 18:10 | Create | Archer |
| 18:21 | Create | Villager (Male) |
| 18:30 | Build | House |
| 19:02 | Research | Crossbowman (upgrade) |
| 19:07 | Create | Archer |
| 19:11 | Build | House |
| 19:12 | Build | House |
| 19:26 | Create | Villager (Male) |
| 19:44 | Build | University |
| 20:09 | Create | Battering Ram |
| 20:25 | Create | Villager (Male) |
| 20:26 | Create | Villager (Male) |
| 20:37 | Research | Ballistics |
| 20:47 | Create | Archer |
| 20:47 | Create | Archer |
| 21:11 | Create | Archer |
| 21:11 | Create | Archer |
| 21:12 | Create | Archer |
| 21:45 | Create | Archer |
| 21:46 | Create | Archer |
| 21:46 | Create | Archer |
| 21:46 | Create | Archer |
| 22:28 | Research | Leather Archer Armor |
| 25:06 | Create | Villager (Male) |
| 25:06 | Create | Villager (Male) |
| 25:06 | Create | Villager (Male) |
| 25:07 | Create | Villager (Male) |
| 25:07 | Create | Villager (Male) |
| 25:07 | Create | Villager (Male) |
| 25:41 | Build | Town Center |
| 25:46 | Create | Archer |
| 25:46 | Create | Archer |
| 25:46 | Create | Archer |
| 25:46 | Create | Archer |
| 25:47 | Create | Archer |
| 25:47 | Create | Archer |
| 25:47 | Create | Archer |
| 25:47 | Create | Archer |
| 25:48 | Create | Archer |
| 25:48 | Create | Archer |
| 25:48 | Create | Archer |
| 26:14 | Build | Castle |
| 26:16 | Create | Villager (Male) |
| 26:16 | Create | Villager (Male) |
| 26:17 | Create | Villager (Male) |
| 26:23 | Create | Archer |
| 26:23 | Create | Archer |
| 26:23 | Create | Archer |
| 26:24 | Create | Archer |
| 26:24 | Create | Archer |
| 26:24 | Create | Archer |
| 26:24 | Create | Archer |
| 26:24 | Create | Archer |
| 26:25 | Create | Archer |
| 26:25 | Create | Archer |
| 26:25 | Create | Archer |
| 26:37 | Build | Town Center |
| 26:42 | Build | Archery Range |
| 26:43 | Build | Archery Range |
| 26:44 | Build | Archery Range |
| 26:45 | Build | Archery Range |
| 26:59 | Build | Farm |
Build order — ProfeSSor
First 150 of 340 actions detected
| 0:03 | Create | Villager (Male) |
| 0:04 | Create | Villager (Male) |
| 0:09 | Build | House |
| 0:25 | Create | Villager (Male) |
| 0:42 | Create | Villager (Male) |
| 1:08 | Build | House |
| 1:35 | Create | Villager (Male) |
| 1:47 | Build | House |
| 2:08 | Create | Villager (Male) |
| 2:24 | Build | Lumber Camp |
| 2:39 | Create | Villager (Male) |
| 2:50 | Create | Villager (Male) |
| 3:21 | Create | Villager (Male) |
| 3:48 | Create | Villager (Male) |
| 4:00 | Create | Villager (Male) |
| 4:27 | Build | House |
| 4:31 | Create | Villager (Male) |
| 5:09 | Create | Villager (Male) |
| 5:23 | Build | Mill |
| 5:25 | Create | Villager (Male) |
| 5:42 | Create | Villager (Male) |
| 5:50 | Create | Villager (Male) |
| 6:25 | Create | Villager (Male) |
| 6:51 | Create | Villager (Male) |
| 7:17 | Create | Villager (Male) |
| 7:52 | Build | Mining Camp |
| 7:56 | Create | Villager (Male) |
| 8:22 | Research | Feudal Age |
| 8:22 | Research | Feudal Age |
| 9:47 | Build | Farm |
| 9:52 | Build | Farm |
| 10:10 | Build | Farm |
| 10:19 | Build | Farm |
| 10:35 | Build | House |
| 10:39 | Age | Feudal Age |
| 10:42 | Create | Villager (Male) |
| 10:51 | Build | Market |
| 10:59 | Create | Villager (Male) |
| 11:18 | Create | Villager (Male) |
| 11:31 | Build | Blacksmith |
| 11:55 | Research | Castle Age |
| 12:23 | Build | Farm |
| 12:39 | Build | House |
| 12:44 | Build | House |
| 12:47 | Create | Villager (Male) |
| 14:36 | Create | Villager (Male) |
| 14:37 | Age | Castle Age |
| 14:53 | Build | Town Center |
| 15:17 | Create | Villager (Male) |
| 15:30 | Research | Stone Mining |
| 15:31 | Create | Villager (Male) |
| 15:49 | Create | Villager (Male) |
| 15:56 | Create | Villager (Male) |
| 16:05 | Research | Double-Bit Axe |
| 16:16 | Build | Farm |
| 16:21 | Build | Farm |
| 16:23 | Build | Farm |
| 16:30 | Create | Villager (Male) |
| 16:42 | Build | Farm |
| 16:44 | Create | Villager (Male) |
| 16:49 | Create | Villager (Male) |
| 16:53 | Create | Villager (Male) |
| 17:12 | Build | Town Center |
| 17:22 | Create | Villager (Male) |
| 17:25 | Create | Villager (Male) |
| 17:50 | Create | Villager (Male) |
| 18:01 | Create | Villager (Male) |
| 18:02 | Create | Villager (Male) |
| 18:06 | Create | Villager (Male) |
| 18:06 | Create | Villager (Male) |
| 18:20 | Build | House |
| 18:22 | Build | House |
| 18:28 | Create | Villager (Male) |
| 18:28 | Create | Villager (Male) |
| 18:32 | Build | Farm |
| 18:35 | Create | Villager (Male) |
| 18:47 | Build | Castle |
| 18:54 | Create | Villager (Male) |
| 19:04 | Build | Farm |
| 19:17 | Build | Farm |
| 19:33 | Build | Mining Camp |
| 19:43 | Create | Villager (Male) |
| 19:47 | Create | Villager (Male) |
| 19:49 | Create | Villager (Male) |
| 19:52 | Build | Farm |
| 20:09 | Create | Villager (Male) |
| 20:10 | Create | Villager (Male) |
| 20:21 | Build | University |
| 20:25 | Build | House |
| 20:27 | Create | Villager (Male) |
| 20:36 | Create | Villager (Male) |
| 20:38 | Create | Villager (Male) |
| 20:44 | Create | Villager (Male) |
| 20:58 | Build | Farm |
| 21:00 | Create | Villager (Male) |
| 21:02 | Create | Villager (Male) |
| 21:19 | Build | Mill |
| 21:20 | Build | Farm |
| 21:21 | Build | Farm |
| 21:23 | Build | Farm |
| 21:24 | Build | Farm |
| 21:30 | Build | Farm |
| 21:36 | Create | Villager (Male) |
| 21:37 | Create | Villager (Male) |
| 21:52 | Build | House |
| 22:23 | Create | Villager (Male) |
| 22:34 | Build | Siege Workshop |
| 22:43 | Create | Villager (Male) |
| 22:44 | Create | Villager (Male) |
| 23:02 | Create | Mangonel |
| 23:18 | Research | Loom |
| 24:24 | Create | Mangonel |
| 24:41 | Create | Villager (Male) |
| 24:41 | Create | Villager (Male) |
| 25:16 | Create | Villager (Male) |
| 26:25 | Create | Villager (Male) |
| 26:27 | Create | Villager (Male) |
| 26:39 | Create | Villager (Male) |
| 26:46 | Build | Farm |
| 26:51 | Build | Farm |
| 26:53 | Build | Farm |
| 26:55 | Create | Villager (Male) |
| 27:01 | Build | House |
| 27:02 | Build | House |
| 27:03 | Build | House |
| 27:05 | Build | House |
| 27:06 | Create | Villager (Male) |
| 27:11 | Build | Farm |
| 27:30 | Build | Mill |
| 27:32 | Build | Farm |
| 27:33 | Build | Farm |
| 27:34 | Build | Farm |
| 27:35 | Build | Farm |
| 27:37 | Build | Farm |
| 27:39 | Build | Farm |
| 27:40 | Build | Farm |
| 27:51 | Build | Farm |
| 27:53 | Create | Villager (Male) |
| 27:53 | Create | Villager (Male) |
| 28:02 | Build | Farm |
| 28:08 | Create | Villager (Male) |
| 28:11 | Research | Wheelbarrow |
| 28:18 | Build | House |
| 28:21 | Build | House |
| 28:29 | Create | Villager (Male) |
| 28:30 | Create | Villager (Male) |
| 28:40 | Build | Farm |
| 28:43 | Create | Villager (Male) |
| 28:47 | Create | Villager (Male) |
| 28:48 | Create | Villager (Male) |
Build order — karaokur
First 150 of 264 actions detected
| 0:03 | Create | Villager (Male) |
| 0:04 | Research | Loom |
| 0:04 | Create | Villager (Male) ×3 |
| 0:16 | Build | House |
| 0:18 | Build | House |
| 0:19 | Build | House |
| 0:21 | Build | House |
| 0:22 | Build | House |
| 1:03 | Build | House |
| 1:04 | Build | House |
| 1:06 | Build | House |
| 2:05 | Create | Villager (Male) |
| 2:34 | Create | Villager (Male) |
| 2:58 | Create | Villager (Male) |
| 3:40 | Create | Villager (Male) |
| 3:41 | Create | Villager (Male) |
| 3:41 | Create | Villager (Male) |
| 4:14 | Create | Villager (Male) |
| 4:14 | Create | Villager (Male) |
| 5:05 | Create | Villager (Male) |
| 5:06 | Create | Villager (Male) |
| 5:06 | Create | Villager (Male) |
| 5:46 | Create | Villager (Male) ×2 |
| 7:09 | Build | Mill |
| 7:17 | Create | Villager (Male) ×5 |
| 7:20 | Create | Villager (Male) ×3 |
| 9:21 | Build | Lumber Camp |
| 9:38 | Build | Mining Camp |
| 10:35 | Research | Feudal Age |
| 11:47 | Create | Villager (Male) |
| 11:47 | Create | Villager (Male) |
| 11:50 | Create | Villager (Male) |
| 11:51 | Create | Villager (Male) |
| 12:56 | Age | Feudal Age |
| 12:59 | Research | Horse Collar |
| 13:03 | Research | Double-Bit Axe |
| 13:11 | Create | Villager (Male) |
| 13:36 | Build | Farm |
| 13:38 | Build | Farm |
| 13:39 | Build | Farm |
| 13:41 | Build | Farm |
| 13:42 | Build | Farm |
| 13:44 | Build | Farm |
| 13:46 | Build | Farm |
| 13:52 | Build | Farm |
| 13:53 | Build | Farm |
| 13:54 | Build | Farm |
| 14:03 | Build | Farm |
| 14:08 | Build | Mill |
| 14:16 | Research | Wheelbarrow |
| 14:47 | Build | Farm |
| 14:48 | Build | Farm |
| 14:50 | Build | Farm |
| 14:52 | Build | Farm |
| 15:25 | Build | Market |
| 15:37 | Create | Villager (Male) |
| 15:37 | Create | Villager (Male) |
| 16:24 | Build | Blacksmith |
| 17:01 | Research | Castle Age |
| 17:35 | Research | Stone Mining |
| 17:37 | Research | Gold Mining |
| 18:03 | Create | Villager (Male) |
| 18:04 | Create | Villager (Male) |
| 18:05 | Create | Villager (Male) |
| 19:41 | Age | Castle Age |
| 19:45 | Build | Town Center |
| 19:50 | Build | Town Center |
| 19:57 | Research | Hand Cart |
| 20:11 | Build | Castle |
| 20:37 | Create | Villager (Male) ×5 |
| 20:39 | Create | Villager (Male) ×5 |
| 20:47 | Create | Villager (Male) |
| 20:48 | Create | Villager (Male) |
| 20:56 | Build | Mining Camp |
| 21:24 | Create | Villager (Male) ×4 |
| 22:14 | Create | Villager (Male) ×5 |
| 22:56 | Create | Villager (Male) ×5 |
| 22:57 | Create | Villager (Male) |
| 23:16 | Research | Heavy Plow |
| 23:40 | Research | Bow Saw |
| 24:05 | Build | Mill |
| 24:11 | Build | Farm |
| 24:13 | Build | Farm |
| 24:15 | Build | Farm |
| 24:16 | Build | Farm |
| 24:17 | Build | Farm |
| 24:18 | Build | Farm |
| 24:20 | Build | Farm |
| 24:22 | Build | Farm |
| 24:27 | Build | Farm |
| 25:19 | Research | Imperial Age |
| 25:26 | Create | Villager (Male) |
| 25:26 | Create | Villager (Male) |
| 25:27 | Create | Villager (Male) |
| 25:27 | Create | Villager (Male) |
| 25:28 | Create | Villager (Male) |
| 25:28 | Create | Villager (Male) |
| 25:50 | Research | Forging |
| 26:30 | Build | Mill |
| 26:34 | Build | Farm |
| 26:35 | Build | Farm |
| 26:37 | Build | Farm |
| 26:38 | Build | Farm |
| 26:40 | Build | Farm |
| 26:42 | Build | Farm |
| 26:43 | Build | Farm |
| 26:44 | Build | Farm |
| 27:08 | Build | Mill |
| 27:13 | Build | Farm |
| 27:14 | Build | Farm |
| 27:15 | Build | Farm |
| 27:17 | Build | Farm |
| 27:18 | Build | Farm |
| 27:19 | Build | Farm |
| 27:20 | Build | Farm |
| 27:21 | Build | Farm |
| 27:31 | Research | Town Watch |
| 27:32 | Create | Villager (Male) ×5 |
| 27:32 | Create | Villager (Male) ×5 |
| 27:45 | Build | Castle |
| 27:58 | Build | House |
| 27:59 | Build | House |
| 28:01 | Build | House |
| 28:03 | Build | House |
| 28:04 | Build | House |
| 28:15 | Build | House |
| 28:16 | Build | House |
| 28:18 | Build | House |
| 28:24 | Build | Barracks |
| 28:29 | Age | Imperial Age |
| 28:30 | Research | Iron Casting |
| 28:31 | Research | Scale Mail Armor |
| 28:32 | Research | Scale Barding Armor |
| 28:47 | Research | Crop Rotation |
| 28:53 | Create | Villager (Male) ×5 |
| 28:54 | Create | Villager (Male) ×5 |
| 29:29 | Research | Stone Shaft Mining |
| 29:41 | Build | Barracks |
| 29:54 | Research | Lechitic Legacy |
| 29:55 | Research | Szlachta Privileges |
| 29:56 | Research | Conscription |
| 30:13 | Build | Stable |
| 30:14 | Build | Stable |
| 30:15 | Build | Stable |
| 30:18 | Build | Stable |
| 30:25 | Build | Stable |
| 30:34 | Build | Mining Camp |
| 31:02 | Create | Villager (Male) ×5 |
| 31:05 | Create | Villager (Male) ×5 |
| 31:14 | Create | Trebuchet (Packed) |
Build order — Kai_sp
First 150 of 339 actions detected
| 0:05 | Create | Villager (Male) |
| 0:05 | Create | Villager (Male) |
| 0:05 | Create | Villager (Male) |
| 0:06 | Create | Villager (Male) |
| 0:16 | Build | House |
| 0:20 | Research | Loom |
| 0:40 | Build | House |
| 0:41 | Build | House |
| 1:28 | Build | House |
| 2:01 | Build | House |
| 2:06 | Create | Villager (Male) |
| 3:09 | Create | Villager (Male) |
| 3:18 | Create | Villager (Male) |
| 3:47 | Create | Villager (Male) |
| 4:06 | Build | Mill |
| 4:09 | Create | Villager (Male) |
| 4:43 | Create | Villager (Male) |
| 5:08 | Create | Villager (Male) |
| 5:33 | Create | Villager (Male) |
| 5:44 | Create | Villager (Male) |
| 6:03 | Create | Villager (Male) |
| 6:11 | Build | Mining Camp |
| 6:15 | Create | Villager (Male) |
| 6:39 | Create | Villager (Male) |
| 6:50 | Create | Villager (Male) |
| 7:06 | Create | Villager (Male) |
| 7:25 | Build | Mining Camp |
| 8:05 | Create | Villager (Male) |
| 8:20 | Create | Villager (Male) |
| 8:40 | Build | Lumber Camp |
| 8:47 | Create | Villager (Male) |
| 8:48 | Create | Villager (Male) |
| 10:06 | Build | House |
| 10:08 | Build | House |
| 10:14 | Create | Villager (Male) |
| 10:14 | Create | Villager (Male) |
| 11:20 | Create | Villager (Male) |
| 11:24 | Create | Villager (Male) |
| 11:55 | Build | Mill |
| 12:12 | Research | Feudal Age |
| 12:40 | Build | House |
| 12:41 | Build | House |
| 12:50 | Build | Farm |
| 13:03 | Create | Villager (Male) |
| 13:03 | Create | Villager (Male) |
| 13:14 | Build | Farm |
| 13:26 | Build | Farm |
| 13:52 | Build | Farm |
| 13:53 | Build | Farm |
| 13:55 | Build | Farm |
| 13:57 | Build | Farm |
| 14:22 | Age | Feudal Age |
| 14:34 | Build | Market |
| 14:48 | Build | Blacksmith |
| 15:08 | Create | Villager (Male) |
| 16:14 | Research | Castle Age |
| 16:39 | Research | Double-Bit Axe |
| 16:54 | Research | Horse Collar |
| 17:12 | Create | Villager (Male) |
| 17:28 | Research | Gold Mining |
| 17:56 | Research | Stone Mining |
| 18:08 | Create | Villager (Male) |
| 18:09 | Create | Villager (Male) |
| 18:29 | Create | Trade Cart |
| 18:29 | Create | Trade Cart |
| 18:54 | Age | Castle Age |
| 19:03 | Research | Bow Saw |
| 19:13 | Research | Heavy Plow |
| 19:22 | Build | Monastery |
| 19:43 | Build | University |
| 20:02 | Create | Villager (Male) |
| 20:02 | Create | Villager (Male) |
| 20:02 | Create | Villager (Male) |
| 20:29 | Build | Farm |
| 20:34 | Build | Farm |
| 20:38 | Build | Farm |
| 20:48 | Build | Siege Workshop |
| 21:03 | Create | Monk |
| 21:23 | Build | Farm |
| 21:25 | Build | Farm |
| 21:28 | Build | Farm |
| 21:30 | Build | Farm |
| 21:32 | Build | Farm |
| 21:44 | Build | House |
| 21:45 | Build | House |
| 21:46 | Build | House |
| 22:15 | Build | Castle |
| 22:22 | Create | Villager (Male) |
| 22:23 | Create | Villager (Male) |
| 22:25 | Create | Villager (Male) |
| 23:14 | Create | Villager (Male) |
| 23:19 | Build | House |
| 23:20 | Build | House |
| 23:40 | Build | Farm |
| 24:11 | Build | Farm |
| 24:13 | Create | Villager (Male) |
| 24:29 | Build | Barracks |
| 24:53 | Research | Imperial Age |
| 25:11 | Build | Archery Range |
| 25:12 | Create | Organ Gun |
| 25:14 | Create | Organ Gun |
| 25:26 | Research | Murder Holes |
| 25:54 | Build | Mining Camp |
| 26:25 | Create | Organ Gun |
| 27:04 | Create | Organ Gun |
| 27:24 | Build | Town Center |
| 27:32 | Create | Organ Gun |
| 27:54 | Create | Villager (Male) |
| 27:54 | Create | Villager (Male) |
| 28:03 | Age | Imperial Age |
| 28:06 | Research | Chemistry |
| 28:23 | Create | Organ Gun |
| 28:28 | Create | Organ Gun |
| 28:41 | Create | Villager (Male) |
| 28:41 | Create | Villager (Male) |
| 28:41 | Create | Villager (Male) |
| 29:28 | Create | Bombard Cannon |
| 29:29 | Create | Bombard Cannon |
| 29:35 | Create | Hand Cannoneer |
| 29:35 | Create | Hand Cannoneer |
| 29:53 | Create | Villager (Male) |
| 29:54 | Create | Villager (Male) |
| 29:54 | Create | Villager (Male) |
| 30:03 | Create | Villager (Male) |
| 30:03 | Create | Villager (Male) |
| 30:03 | Create | Villager (Male) |
| 30:04 | Create | Villager (Male) |
| 30:15 | Build | Mining Camp |
| 30:37 | Create | Hand Cannoneer |
| 30:37 | Create | Hand Cannoneer |
| 30:38 | Create | Hand Cannoneer |
| 30:38 | Create | Hand Cannoneer |
| 30:41 | Create | Organ Gun |
| 30:42 | Create | Organ Gun |
| 31:16 | Create | Villager (Male) |
| 31:16 | Create | Villager (Male) |
| 31:17 | Create | Villager (Male) |
| 31:17 | Create | Villager (Male) |
| 31:22 | Create | Villager (Male) |
| 31:22 | Create | Villager (Male) |
| 31:22 | Create | Villager (Male) |
| 31:40 | Create | Organ Gun |
| 31:40 | Create | Organ Gun |
| 31:40 | Create | Organ Gun |
| 31:43 | Create | Hand Cannoneer |
| 31:43 | Create | Hand Cannoneer |
| 31:44 | Create | Hand Cannoneer |
| 33:02 | Create | Bombard Cannon |
| 33:15 | Create | Organ Gun |
| 33:15 | Create | Organ Gun |
Build order — ertk
First 150 of 338 actions detected
| 0:04 | Research | Loom |
| 0:05 | Create | Villager (Male) ×4 |
| 0:05 | Create | Villager (Male) ×4 |
| 0:12 | Build | House |
| 0:15 | Build | House |
| 2:05 | Create | Villager (Male) |
| 2:22 | Build | Lumber Camp |
| 2:26 | Create | Villager (Male) |
| 2:48 | Create | Villager (Male) |
| 3:24 | Create | Villager (Male) |
| 3:39 | Create | Villager (Male) |
| 3:39 | Create | Villager (Male) |
| 3:54 | Build | House |
| 3:55 | Build | House |
| 4:31 | Create | Villager (Male) ×2 |
| 5:13 | Build | Mill |
| 5:17 | Create | Villager (Male) ×2 |
| 5:43 | Create | Villager (Male) |
| 5:44 | Create | Villager (Male) |
| 6:40 | Create | Villager (Male) |
| 6:40 | Create | Villager (Male) |
| 7:10 | Build | Mining Camp |
| 7:30 | Create | Villager (Male) |
| 8:43 | Build | Farm |
| 9:05 | Research | Feudal Age |
| 11:15 | Age | Feudal Age |
| 11:30 | Build | Market |
| 11:34 | Build | Blacksmith |
| 12:43 | Research | Castle Age |
| 12:53 | Research | Double-Bit Axe |
| 14:22 | Research | Horse Collar |
| 15:09 | Build | Farm |
| 15:10 | Build | Farm |
| 15:23 | Age | Castle Age |
| 15:31 | Research | Wheelbarrow |
| 15:38 | Build | House |
| 15:39 | Build | House |
| 15:49 | Build | Town Center |
| 15:58 | Build | Town Center |
| 16:02 | Create | Villager (Male) |
| 16:02 | Create | Villager (Male) |
| 16:12 | Build | Monastery |
| 16:27 | Create | Villager (Male) |
| 16:50 | Create | Monk |
| 17:09 | Create | Villager (Male) |
| 17:14 | Create | Villager (Male) |
| 17:20 | Create | Villager (Male) |
| 17:30 | Create | Monk |
| 18:01 | Create | Villager (Male) ×2 |
| 18:01 | Create | Villager (Male) ×2 |
| 18:07 | Build | Farm |
| 18:13 | Build | Farm |
| 18:14 | Build | Farm |
| 18:22 | Create | Villager (Male) |
| 18:44 | Build | Farm |
| 18:48 | Create | Villager (Male) |
| 19:00 | Create | Villager (Male) |
| 19:06 | Build | Farm |
| 19:26 | Create | Villager (Male) |
| 19:27 | Create | Villager (Male) |
| 19:37 | Build | Farm |
| 19:45 | Build | Farm |
| 19:59 | Create | Villager (Male) |
| 19:59 | Create | Villager (Male) |
| 20:10 | Create | Villager (Male) |
| 20:16 | Build | Farm |
| 20:18 | Build | Farm |
| 20:27 | Create | Villager (Male) |
| 20:27 | Create | Villager (Male) |
| 20:51 | Create | Villager (Male) ×2 |
| 20:51 | Create | Villager (Male) ×2 |
| 21:10 | Create | Villager (Male) |
| 21:13 | Create | Villager (Male) |
| 21:41 | Build | Farm |
| 21:42 | Build | Farm |
| 21:44 | Build | Farm |
| 21:45 | Build | Farm |
| 21:55 | Create | Villager (Male) |
| 21:56 | Create | Villager (Male) |
| 21:56 | Create | Villager (Male) |
| 22:03 | Build | House |
| 22:04 | Build | House |
| 22:05 | Build | House |
| 22:24 | Create | Villager (Male) ×2 |
| 22:32 | Build | Farm |
| 22:34 | Build | Farm |
| 22:39 | Build | Farm |
| 22:40 | Build | Farm |
| 22:41 | Build | Farm |
| 22:43 | Build | Farm |
| 22:44 | Build | Farm |
| 22:50 | Create | Villager (Male) ×3 |
| 23:13 | Create | Villager (Male) ×3 |
| 23:13 | Create | Villager (Male) ×3 |
| 23:18 | Build | Farm |
| 23:31 | Build | Castle |
| 24:08 | Create | Villager (Male) |
| 24:08 | Create | Villager (Male) |
| 24:08 | Create | Villager (Male) |
| 24:10 | Create | Villager (Male) |
| 24:10 | Create | Villager (Male) |
| 24:10 | Create | Villager (Male) |
| 24:13 | Create | Villager (Male) |
| 24:13 | Create | Villager (Male) |
| 24:30 | Build | Castle |
| 24:52 | Build | Castle |
| 25:12 | Build | Stone Wall |
| 25:25 | Build | University |
| 26:24 | Build | Barracks |
| 26:27 | Research | Imperial Age |
| 26:46 | Create | Villager (Male) ×3 |
| 26:55 | Build | Mining Camp |
| 26:57 | Create | Janissary |
| 27:01 | Create | Villager (Male) |
| 27:02 | Create | Villager (Male) |
| 27:07 | Create | Villager (Male) |
| 27:12 | Create | Villager (Male) ×3 |
| 27:12 | Create | Villager (Male) ×3 |
| 27:19 | Create | Villager (Male) |
| 27:55 | Create | Janissary ×4 |
| 27:56 | Create | Janissary |
| 28:05 | Build | Siege Workshop |
| 28:09 | Create | Janissary |
| 28:09 | Create | Janissary |
| 28:23 | Build | Mining Camp |
| 28:27 | Create | Villager (Male) ×3 |
| 28:27 | Create | Villager (Male) ×3 |
| 28:37 | Build | Siege Workshop |
| 28:43 | Research | Gold Mining |
| 28:52 | Create | Janissary |
| 28:52 | Create | Janissary |
| 28:53 | Create | Janissary |
| 29:13 | Build | Stable |
| 29:19 | Create | Janissary ×2 |
| 29:20 | Create | Janissary |
| 29:29 | Create | Villager (Male) ×2 |
| 29:32 | Create | Villager (Male) |
| 29:33 | Create | Villager (Male) |
| 29:37 | Age | Imperial Age |
| 29:38 | Create | Villager (Male) |
| 29:38 | Create | Villager (Male) |
| 29:57 | Create | Bombard Cannon |
| 29:58 | Create | Bombard Cannon |
| 30:02 | Build | House |
| 30:03 | Build | House |
| 30:08 | Create | Bombard Cannon |
| 30:44 | Create | Bombard Cannon |
| 30:53 | Build | House |
| 30:54 | Build | House |
| 30:58 | Create | Villager (Male) ×5 |
Build order — Blitz818
First 150 of 250 actions detected
| 0:01 | Create | Villager (Male) |
| 0:01 | Create | Villager (Male) |
| 0:02 | Create | Villager (Male) |
| 0:03 | Build | House |
| 0:04 | Build | House |
| 1:21 | Create | Villager (Male) |
| 1:21 | Create | Villager (Male) |
| 1:22 | Create | Villager (Male) |
| 1:22 | Create | Villager (Male) |
| 2:02 | Create | Villager (Male) |
| 2:03 | Create | Villager (Male) |
| 2:32 | Create | Villager (Male) |
| 2:32 | Create | Villager (Male) |
| 3:08 | Create | Villager (Male) |
| 3:10 | Build | House |
| 3:36 | Create | Villager (Male) |
| 4:20 | Create | Villager (Male) |
| 4:41 | Build | Mill |
| 4:48 | Build | Mill |
| 4:51 | Create | Villager (Male) |
| 4:51 | Create | Villager (Male) |
| 4:59 | Create | Villager (Male) |
| 4:59 | Create | Villager (Male) |
| 5:27 | Create | Villager (Male) |
| 5:27 | Create | Villager (Male) |
| 5:37 | Build | House |
| 6:23 | Build | Lumber Camp |
| 7:11 | Research | Feudal Age |
| 7:26 | Build | Mining Camp |
| 8:11 | Build | House |
| 9:00 | Create | Villager (Male) |
| 9:00 | Create | Villager (Male) |
| 9:21 | Age | Feudal Age |
| 9:46 | Build | Blacksmith |
| 10:20 | Create | Villager (Male) |
| 10:40 | Build | Market |
| 10:46 | Create | Villager (Male) |
| 10:52 | Build | Farm |
| 11:34 | Create | Villager (Male) |
| 11:58 | Create | Villager (Male) |
| 12:06 | Build | House |
| 12:38 | Research | Castle Age |
| 12:39 | Research | Castle Age |
| 12:49 | Build | Farm |
| 12:49 | Build | Farm |
| 12:50 | Build | Farm |
| 12:51 | Build | Farm |
| 12:57 | Build | Farm |
| 13:24 | Build | Farm |
| 13:30 | Build | Farm |
| 13:34 | Build | Farm |
| 13:52 | Create | Villager (Male) |
| 15:18 | Age | Castle Age |
| 15:25 | Build | Monastery |
| 15:30 | Build | Town Center |
| 15:39 | Create | Villager (Male) |
| 15:39 | Create | Villager (Male) |
| 15:40 | Create | Villager (Male) |
| 15:41 | Create | Villager (Male) |
| 15:50 | Build | Mining Camp |
| 16:02 | Create | Monk |
| 17:31 | Create | Villager (Male) ×5 |
| 17:35 | Build | Town Center |
| 17:37 | Build | Farm |
| 17:37 | Build | Farm |
| 17:38 | Build | Farm |
| 17:38 | Build | Farm |
| 17:38 | Build | Farm |
| 17:39 | Build | Farm |
| 17:54 | Create | Villager (Male) ×5 |
| 18:51 | Build | House |
| 18:53 | Build | House |
| 19:02 | Build | Barracks |
| 19:09 | Create | Villager (Male) ×5 |
| 19:10 | Create | Villager (Male) |
| 19:20 | Create | Monk |
| 19:49 | Create | Villager (Male) ×3 |
| 19:56 | Build | Farm |
| 20:06 | Build | Stable |
| 20:14 | Research | Forging |
| 20:50 | Create | Villager (Male) ×3 |
| 20:55 | Build | House |
| 20:56 | Build | House |
| 20:58 | Build | House |
| 21:02 | Build | House |
| 21:02 | Build | House |
| 21:08 | Create | Knight |
| 21:20 | Build | Town Center |
| 21:35 | Create | Knight |
| 21:59 | Research | Husbandry |
| 22:04 | Build | Stable |
| 22:06 | Build | Stable |
| 22:30 | Build | House |
| 22:36 | Build | House |
| 22:55 | Research | Bloodlines |
| 22:55 | Create | Knight |
| 23:12 | Build | Farm |
| 23:12 | Build | Farm |
| 23:12 | Build | Farm |
| 23:13 | Build | Farm |
| 23:19 | Build | Farm |
| 23:27 | Build | Farm |
| 23:31 | Create | Villager (Male) ×4 |
| 23:31 | Create | Villager (Male) ×4 |
| 23:42 | Create | Knight |
| 24:20 | Create | Villager (Male) ×4 |
| 24:21 | Create | Villager (Male) ×4 |
| 24:24 | Build | Farm |
| 24:28 | Build | Mining Camp |
| 25:12 | Research | Iron Casting |
| 25:15 | Create | Villager (Male) |
| 25:15 | Create | Villager (Male) |
| 25:45 | Create | Knight ×3 |
| 26:26 | Create | Knight ×4 |
| 26:35 | Build | Farm |
| 26:35 | Build | Farm |
| 26:35 | Build | Farm |
| 26:36 | Build | Farm |
| 26:58 | Create | Villager (Male) ×3 |
| 27:23 | Build | Castle |
| 27:25 | Build | Mining Camp |
| 27:25 | Build | Mining Camp |
| 27:32 | Research | Wheelbarrow |
| 27:32 | Research | Town Watch |
| 28:45 | Create | Knight ×5 |
| 28:52 | Research | Scale Barding Armor |
| 29:07 | Create | Villager (Male) ×4 |
| 29:17 | Build | Farm |
| 29:17 | Build | Farm |
| 29:17 | Build | Farm |
| 29:17 | Build | Farm |
| 29:18 | Build | Farm |
| 29:20 | Build | Farm |
| 29:22 | Build | House |
| 29:23 | Build | House |
| 29:24 | Build | House |
| 29:25 | Build | House |
| 29:26 | Build | House |
| 29:39 | Build | Farm |
| 29:56 | Build | Mining Camp |
| 30:02 | Build | Mining Camp |
| 30:07 | Research | Hand Cart |
| 30:08 | Create | Knight |
| 30:08 | Create | Knight |
| 30:12 | Create | Villager (Male) ×2 |
| 30:20 | Build | Farm |
| 30:27 | Create | Knight ×2 |
| 30:28 | Create | Knight ×2 |
| 30:46 | Create | Knight ×4 |
| 31:50 | Research | Imperial Age |
Match timeline
| 9:21 | Blitz818 · age_up feudal |
| 10:24 | RedReddington · age_up feudal |
| 10:39 | ProfeSSor · age_up feudal |
| 11:15 | ertk · age_up feudal |
| 11:26 | LiMe86 · first_building Barracks |
| 12:08 | S1LLY_SAUSAGE · age_up feudal |
| 12:56 | karaokur · age_up feudal |
| 13:13 | LiMe86 · age_up feudal |
| 13:32 | S1LLY_SAUSAGE · first_building Barracks |
| 13:44 | LiMe86 · first_building Stable |
| 14:22 | Kai_sp · age_up feudal |
| 14:37 | ProfeSSor · age_up castle |
| 14:42 | S1LLY_SAUSAGE · first_market_buy 100 wood |
| 14:47 | S1LLY_SAUSAGE · first_building Archery Range |
| 15:18 | Blitz818 · age_up castle |
| 15:23 | ertk · age_up castle |
| 15:25 | Blitz818 · first_building Monastery |
| 15:37 | RedReddington · age_up castle |
| 16:01 | Blitz818 · first_market_sell 100 food |
| 16:03 | S1LLY_SAUSAGE · age_up castle |
| 16:12 | ertk · first_building Monastery |
| 16:14 | RedReddington · first_market_buy 100 wood |
| 16:29 | S1LLY_SAUSAGE · first_building Siege Workshop |
| 17:41 | S1LLY_SAUSAGE · first_market_sell 100 stone |
| 18:47 | ProfeSSor · first_building Castle |
| 18:54 | Kai_sp · age_up castle |
| 19:02 | Blitz818 · first_building Barracks |
| 19:22 | Kai_sp · first_building Monastery |
| 19:41 | karaokur · age_up castle |
| 20:06 | Blitz818 · first_building Stable |
| 20:11 | karaokur · first_building Castle |
| 20:48 | Kai_sp · first_building Siege Workshop |
| 21:14 | RedReddington · first_building Castle |
| 22:15 | Kai_sp · first_building Castle |
| 22:34 | ProfeSSor · first_building Siege Workshop |
| 22:46 | LiMe86 · age_up castle |
| 22:57 | RedReddington · first_building Siege Workshop |
| 23:26 | Blitz818 · first_market_buy 100 wood |
| 23:31 | ertk · first_building Castle |
| 23:50 | LiMe86 · first_building Castle |
| 24:29 | Kai_sp · first_building Barracks |
| 25:11 | Kai_sp · first_building Archery Range |
| 25:12 | ertk · wall_segment Stone Wall x15 |
| 26:14 | S1LLY_SAUSAGE · first_building Castle |
| 26:24 | ertk · first_building Barracks |
| 27:22 | RedReddington · first_building Monastery |
| 27:23 | Blitz818 · first_building Castle |
| 28:03 | Kai_sp · age_up imperial |
| 28:05 | ertk · first_building Siege Workshop |
| 28:24 | karaokur · first_building Barracks |
| 28:29 | karaokur · age_up imperial |
| 28:47 | RedReddington · first_building Barracks |
| 29:13 | ertk · first_building Stable |
| 29:27 | RedReddington · first_market_sell 100 wood |
| 29:37 | ertk · age_up imperial |
| 29:53 | ertk · first_market_buy 100 wood |
| 30:13 | karaokur · first_building Stable |
| 31:18 | LiMe86 · age_up imperial |
| 32:26 | ProfeSSor · first_building Barracks |
| 33:11 | karaokur · first_market_sell 500 wood |
| 33:11 | ProfeSSor · first_building Archery Range |
| 34:17 | ProfeSSor · age_up imperial |
| 35:00 | Blitz818 · age_up imperial |
| 36:09 | RedReddington · first_building Stable |
| 37:06 | S1LLY_SAUSAGE · age_up imperial |
| 37:40 | RedReddington · age_up imperial |
| 50:01 | Blitz818 · resign |
[ AI ANALYSIS · 1 CREDIT ]
What really happened in this match?
Wolo.gg analyzes every decision: build order, eco, micro, common mistakes by bracket. Personalized analysis on WhatsApp or Discord in 30 seconds.
Civ guide
Persians
Map guide
Arena
Perfil
Jugador #5822509